 Dungeon Crawl Stone Soup version 0.31-a0-1291-g5386780bc2 (webtiles) character file.

Game seed: 10862218571528312226

201 Nattfarinn the Trooper (level 5, -9/54 HPs)
             Began as an Ogre Hedge Wizard on Dec 18, 2023.
             Was an Initiate of Okawaru.
             Mangled by an ogre
             ... wielding a +0 giant spiked club
              (23 damage)
             ... on level 5 of the Dungeon.
             The game lasted 00:07:28 (5049 turns).

Nattfarinn the Trooper (Ogre Hedge Wizard)          Turns: 5049, Time: 00:07:28

Health: -9/54      AC:  5    Str: 16    XL:     5   Next: 79%
Magic:  0/10       EV:  9    Int: 15    God:    Okawaru [......]
Gold:   259        SH:  0    Dex:  8    Spells: 10/11 levels left

rFire   . . .        f - +0 mace
rCold   . . .        (no shield)
rNeg    . . .        b - +0 robe
rPois   .            c - +2 hat
rElec   .            (no cloak)
rCorr   .            (gloves unavailable)
SInv    .            (boots unavailable)
Will    +....        i - amulet of guardian spirit
Stlth   +            (no ring)
HPRegen 0.29/turn    (no ring)
MPRegen 0.12/turn

%: guardian spirit
@: studying Shields
A: large, unfitting armour, tough skin 1, talons 1, strong-willed 1, evolution 1
a: Renounce Religion


You were on level 5 of the Dungeon.
You worshipped Okawaru.
Okawaru was noncommittal.
You visited 2 branches of the dungeon, and saw 6 of its levels.

You collected 259 gold pieces.

Inventory:

Hand Weapons
 a - a +0 dagger
 f - a +0 mace (weapon)
Missiles
 o - 2 poisoned darts (quivered)
Armour
 b - a +0 robe (worn)
 c - a +2 hat (worn)
 e - a +0 kite shield
Jewellery
 i - an amulet of guardian spirit (around neck)
Talismans
 h - a granite talisman
Wands
 d - a wand of charming (13)
 k - a wand of digging (9)
 p - a wand of flame (15)
 r - a wand of iceblast (15)
Scrolls
 g - 2 scrolls of teleportation
 j - 2 scrolls of poison
 l - a scroll of vulnerability
 m - a scroll of noise
 n - 3 scrolls of identify
 q - a scroll of immolation {unknown}


   Skills:
 - Level 4.2 Fighting
 - Level 1.7 Dodging
 - Level 1.4 Stealth
 - Level 2.1 Shields
 - Level 3.6 Spellcasting
 - Level 0.8 Conjurations
 - Level 0.8 Summonings
 - Level 0.8 Translocations
 + Level 2.9 Shapeshifting


You had 10 spell levels left.
You knew the following spells:

 Your Spells              Type           Power      Damage    Failure   Level
a - Magic Dart            Conj           20%        1d4       13%         1

Your spell library contained the following spells:

 Spells                   Type           Power      Damage    Failure   Level
 Slow                     Hex            8%         N/A       19%         1
 Blink                    Tloc           10%        N/A       21%         2
 Cigotuvi's Dreadful Rot  Necr/Pois/Air  4%         N/A       28%         2
 Mephitic Cloud           Conj/Pois/Air  3%         N/A       45%         3
 Frozen Ramparts          Ice            4%         1d1       50%         3
 Leda's Liquefaction      Tmut/Erth      1%         N/A       88%         4
 Petrify                  Tmut/Erth      2%         N/A       88%         4
 Metabolic Englaciation   Hex/Ice        1%         N/A       99%         5
 Call Imp                 Summ           Unusable   N/A       N/A         2

Dungeon Overview and Level Annotations

Branches:
Dungeon (5/15)             Temple (1/1) D:5

Altars:
Ashenzari
Cheibriados
Dithmenos
Elyvilon
Fedhas
Gozag
Hepliaklqana
Kikubaaqudgha
Makhleb
Okawaru
Qazlal
Ru
Sif Muna
Trog
Uskayaw
Vehumet
Wu Jian
Xom
Yredelemnul
Zin
The Shining One


Innate Abilities, Weirdness & Mutations

You are too large for most types of armour.
You have tough skin. (AC +1)
You have sharp toenails.
You are strong-willed. (Will+)
You have hidden genetic potential.


Message History

Unknown command.
Press < or > to pray at altars.
Unknown command.
Press < or > to pray at altars.
Unknown command.
Press < or > to pray at altars.
Unknown command.
Press < or > to pray at altars.
Unknown command.
Press < or > to pray at altars.
Found a hide-covered altar of Uskayaw.
There is a broken altar of Ashenzari here.
There is a staircase back to the Dungeon here.
You climb upwards.
Welcome back to the Dungeon!
There is a staircase to the Ecumenical Temple here.
Found a stone staircase leading down.
r - a wand of iceblast (15)
Found 4 stones.
n - 3 scrolls of identify (gained 1)
Found a robe.
An ogre comes into view. It is wielding a +0 giant spiked club.
The ogre shouts!
The ogre moves out of view.
Okay, then.
Okay, then.
You throw a poisoned dart. The poisoned dart hits the ogre.
You throw a poisoned dart. The poisoned dart hits the ogre.
You throw a poisoned dart. The poisoned dart hits the ogre.
You throw a poisoned dart. The poisoned dart hits the ogre.
You completely miss the ogre.
The ogre hits you with a +0 giant spiked club!
You hit the ogre. You claw the ogre.
The ogre is moderately wounded.
The ogre hits you with a +0 giant spiked club!!
Ouch! That really hurt!
* * * LOW HITPOINT WARNING * * *
You hit the ogre.
The ogre is moderately wounded.
The ogre hits you with a +0 giant spiked club!!
You die...

........
.......#
#(.....#
#(.....#
#.....#
#(....#
###O...#
##..@..#
##..#...#
##..###.[.#
###.###
#...#
##..## #..#
##..## #..#
##..## ###
###.###
##..##


You could see an ogre.

Vanquished Creatures
  2 hounds
  An orc wizard (D:4)
  5 adders
  A worm (D:2)
  2 dart slugs
  2 orcs (D:4)
  6 bats
  5 endoplasms
  5 giant cockroaches
  6 goblins
  4 hobgoblins
  8 kobolds
  4 quokkas
  11 ball pythons
  2 frilled lizards
  2 rats
66 creatures vanquished.

Notes
Turn   | Place    | Note
-------+----------+-------------------------------------------
     0 | D:1      | Nattfarinn the Ogre Hedge Wizard began the quest for the
                  | Orb.
     0 | D:1      | Reached XP level 1. HP: 16/16 MP: 5/5
   150 | D:1      | Reached skill level 1 in Fighting
   345 | D:1      | Reached XP level 2. HP: 28/28 MP: 4/6
   459 | D:1      | Reached skill level 2 in Fighting
   574 | D:1      | Reached skill level 1 in Shields
  1003 | D:1      | Reached XP level 3. HP: 34/36 MP: 1/8
  1473 | D:2      | Reached skill level 3 in Fighting
  1886 | D:2      | Reached XP level 4. HP: 47/48 MP: 2/9
  2394 | D:2      | Found a faded altar of an unknown god.
  2412 | D:2      | Reached skill level 4 in Fighting
  2680 | D:3      | Found a sacrificial altar of Ru.
  2855 | D:3      | You fall into a shaft and drop 1 floor!
  3532 | D:3      | Found a burning altar of Makhleb.
  3533 | D:3      | Found a glowing golden altar of the Shining One.
  3939 | D:4      | Reached skill level 1 in Shapeshifting
  3939 | D:4      | Gained mutation: You have sharp toenails. [potion of
                  | mutation]
  3939 | D:4      | Gained mutation: You have hidden genetic potential. [potion
                  | of mutation]
  3939 | D:4      | HP: 2/48 [something (2)]
  3944 | D:4      | HP: 1/48 [something/puff of flame (1)]
  3949 | D:4      | HP: 1/48 [orc wizard/+0 whip (1)]
  3954 | D:4      | Reached XP level 5. HP: 2/54 MP: 3/10
  4429 | D:4      | Gained mutation: You are strong-willed. (Will+) [hidden
                  | potential]
  4637 | D:5      | Entered Level 5 of the Dungeon
  4637 | D:5      | Noticed a black bear
  4880 | D:5      | Found a staircase to the Ecumenical Temple.
  4899 | Temple   | Entered the Ecumenical Temple
  4919 | Temple   | Became a worshipper of Warmaster Okawaru
  5041 | D:5      | Noticed an ogre
  5049 | D:5      | Mangled by an ogre

Illustrated notes

Levels and vault maps discovered:
D:1:      heliophobic_arrival_ceremonial_halls, layout_loops_corners
D:2:      layout_basic, shapermc_ecumenical_altar_notcrosses, nicolae_half_adder
D:3:      layout_loops_cross, nicolae_ru_awakened_eye,
          chequers_temple_overflow_statue_of_worship
D:4:      layout_basic
D:5:      layout_cave_pods, minmay_temple_entry_stoned_glass
Temple:   regret_index_temple_chain_breaker

Skill      XL: |  1  2  3  4  5 |
---------------+----------------+-----
Fighting       | 1 2 3 4 |  4.2
Shields        | 1 2 |  2.1
Shapeshifting  | 1 2 |  2.9
Dodging        | |  1.7
Stealth        | |  1.4
Spellcasting   | |  3.6
Conjurations   | |  0.8
Summonings     | |  0.8
Translocations | |  0.8

Action                     |  1- 3 |  4- 6 || total
---------------------------+-------+-------++-------
  Melee: Mace              |     9 |    82 ||    91
         Kick              |       |     7 ||     7
  Throw: Dart              |       |     4 ||     4
   Cast: Magic Dart        |    68 |    78 ||   146
    Use: Scroll            |       |     8 ||     8
         Potion            |       |     5 ||     5
   Stab: Sleeping          |       |     1 ||     1
 Armour: Robe              |    19 |   114 ||   133
  Dodge: Dodged            |     5 |    65 ||    70

Table legend: (Time is in decaauts)
 A = Elapsed time spent in this place.
 B = Non-inter-level travel time spent in this place.
 C = Inter-level travel time spent in this place.
 D = Time resting spent in this place.
 E = Time spent auto-exploring this place.
 F = Levels seen in this place.
 G = Mean time per level.
                   A        B        C        D        E       F      G
               +--------+--------+--------+--------+--------+-----+--------+
         Total |   5084 |   4850 |    234 |    270 |   4051 |   6 |  847.3 |
       Dungeon |   5043 |   4848 |    195 |    270 |   4051 |   5 | 1008.6 |
        Temple |     40 |      1 |     39 |      0 |      0 |   1 |   40.0 |
               +--------+--------+--------+--------+--------+-----+--------+

Top non-repeatable levels by time:
     D:1: 1440 daAuts
     D:2: 1187 daAuts
     D:4: 1109 daAuts
     D:3: 991 daAuts
     D:5: 314 daAuts
  Temple: 40 daAuts
